 Dungeon Crawl Stone Soup version 0.17-a0-1596-g1e86911 (webtiles) character file.

76 urechis the Cudgeler (level 4, -3/48 HPs)
             Began as an Ogre Gladiator on July 31, 2015.
             Killed from afar by an orc wizard (11 damage)
             ... with a puff of frost
             ... on level 3 of the Dungeon.
             The game lasted 00:01:45 (1977 turns).

urechis the Cudgeler (Ogre Gladiator)               Turns: 1977, Time: 00:01:45

Health: -3/48      AC:  3    Str: 21    XL:     4   Next: 32%
Magic:  4/4        EV: 10    Int:  7    God:
Gold:   107        SH:  0    Dex: 10    Spells: 0 memorised, 3 levels left

rFire  . . .     SeeInvis .     a - +0 flail
rCold  . . .     Clarity  .     b - +0 robe
rNeg   . . .     SustAt   .     (no shield)
rPois  .         Gourm    .     c - +0 hat
rElec  .         Spirit   .     (no cloak)
rCorr  .         Warding  .     (gloves unavailable)
rMut   .         Stasis   .     (boots unavailable)
MR     .....                    (no amulet)
Stlth  +.........               (no ring)
                                (no ring)

@: not resistant to hostile enchantments, very unstealthy
A: unfitting armour, tough skin 1
a: no special abilities


You were on level 3 of the Dungeon.
You were very hungry.

You visited 1 branch of the dungeon, and saw 3 of its levels.

You collected 107 gold pieces.

Inventory:

Hand weapons
 a - a +0 flail (weapon)
Missiles
 d - 3 throwing nets (quivered)
Armour
 b - a +0 robe (worn)
 c - a +0 hat (worn)
Jewellery
 i - an uncursed ring of magical power {unknown}
Scrolls
 h - a scroll of enchant weapon {unknown}
 j - a scroll of magic mapping {unknown}
 l - a scroll of fog {unknown}
Potions
 g - a potion of agility {unknown}
 k - a potion of heal wounds {unknown}
Comestibles
 e - 2 bread rations
 f - 3 meat rations
 m - a slice of pizza


   Skills:
 + Level 4.2 Fighting
 * Level 5.7 Maces & Flails
 - Level 2.1 Throwing
 - Level 2.6 Dodging


You had 3 spell levels left.
You didn't know any spells.

Dungeon Overview and Level Annotations

Branches:
Dungeon (3/15)

Altars:
Xom
Yredelemnul
The Shining One


Innate Abilities, Weirdness & Mutations

You are too large for most types of armour.
You have tough skin (AC +1).


Message History

Something hits you.
You sock something! Something hits you.
You miss something.
You hear some strange, mumbled words.
A puff of flame appears from out of thin air!
The puff of flame hits you! Something hits you but does no damage.
You closely miss something. Something hits you but does no damage.
Something hits you.
* * * LOW HITPOINT WARNING * * *
You miss something. Something hits you but does no damage.
You closely miss something. Something hits you but does no damage.
You hear some strange, mumbled words.
A puff of flame appears from out of thin air!
The puff of flame hits you!
* * * LOW HITPOINT WARNING * * *
You barely miss something.
You hear some strange, mumbled words.
A puff of frost appears from out of thin air!
The puff of frost hits you!
You die...

### .. ##.. ... #.. # #o# .
#)#.# # #. ##@#.##.# #
..##.####.......# .#
.......#..##.#.#####+#. ..#
#.##......##.......... ....
.....................#.....
#.####.#..#.##.##.##.#..#.#
...#....##.#.....#.....
.....#.............#.....
#.##+####.#..............#


You could see an orc.

Vanquished Creatures
  4 adders
  An ooze (D:1)
  An orc (D:3)
  4 bats
  3 giant cockroaches
  7 goblins
  4 hobgoblins
  A jackal (D:1)
  2 kobolds
  4 giant newts
  4 rats
35 creatures vanquished.

Notes
Turn   | Place    | Note
--------------------------------------------------------------
     0 | D:1      | urechis the Ogre Gladiator began the quest for the Orb.
     0 | D:1      | Reached XP level 1. HP: 22/22 MP: 1/1
   152 | D:1      | Reached XP level 2. HP: 17/31 MP: 2/2
   632 | D:1      | Reached XP level 3. HP: 17/37 MP: 3/3
  1028 | D:2      | Reached skill level 5 in Maces & Flails
  1432 | D:2      | Reached XP level 4. HP: 39/48 MP: 4/4
  1667 | D:2      | Found a shimmering altar of Xom.
  1667 | D:2      | Found a basalt altar of Yredelemnul.
  1668 | D:2      | Found a glowing golden altar of the Shining One.
  1977 | D:3      | Killed from afar by an orc wizard

Vault maps used:
D:1:      evilmike_arrival_crescent, st_stairs_3,
          hangedman_decor_clover_reticule
D:2:      gammafunk_temple_overflow_claw
D:3:      uniq_natasha

Action                   |  1- 3 |  4- 6 || total
-------------------------+-------+-------++-------
Melee: Flail             |    86 |    40 ||   126
 Stab: Sleeping          |     1 |       ||     1
  Eat: Chunk             |     2 |       ||     2
